 Dungeon Crawl Stone Soup version 0.30.0-29-ga12c61a403 (webtiles) character file.

Game seed: 2859407079705560360

35715 Graphine the End of an Era (level 13, -2/105 HPs)
             Began as a Demonspawn Hunter on June 22, 2023.
             Was the Champion of Qazlal.
             Killed from afar by an efreet (23 damage)
             ... with a bolt of fire
             ... summoned by a boggart
             ... on level 13 of the Dungeon.
             The game lasted 00:35:56 (14735 turns).

Graphine the End of an Era (Demonspawn Hunter)     Turns: 14735, Time: 00:35:56

Health: -2/105     AC: 19    Str: 10    XL:     13   Next: 49%
Magic:  23/23      EV: 20    Int: 20    God:    Qazlal [******]
Gold:   743        SH:  8    Dex: 26    Spells: 12/12 levels left

rFire   . . .        a - +6 shortbow
rCold   + . .        (shield currently unavailable)
rNeg    . . .        E - +3 leather armour {rPois}
rPois   +            B - +2 helmet "Osimups" {rElec Str-2 Int+8 Dex+3}
rElec   +            (no cloak)
rCorr   +            o - +2 pair of gloves
SInv    .            (no boots)
Will    .....        A - amulet of faith
Stlth   ++           z - ring "Esacesh" {rF- rC+ rCorr Dex+3}
HPRegen 0.37/turn    y - +4 ring of protection
MPRegen 0.18/turn

%: repel missiles, faith
@: protected from fire
A: yellow scales 2, demonic guardian 2, ignite blood 2, demonic touch 2
a: Renounce Religion, Upheaval, Elemental Force, Disaster Area


You were on level 13 of the Dungeon.
You worshipped Qazlal.
Qazlal was exalted by your worship.
You visited 1 branch of the dungeon, and saw 13 of its levels.
You also visited: Sewer and Ice Cave.

You collected 1057 gold pieces.
You spent 314 gold pieces at shops.

Inventory:

Hand Weapons
 a - a +6 shortbow (weapon)
 Q - a +0 longbow
Missiles
 G - a throwing net
Armour
 o - a +2 pair of gloves (worn)
 B - the +2 helmet "Osimups" (worn) {rElec Str-2 Int+8 Dex+3}
   (You found it on level 6 of the Dungeon)

   Str:       It affects your strength (-2).
   Int:       It affects your intelligence (+8).
   Dex:       It affects your dexterity (+3).
   rElec:     It insulates you from electricity.
 E - a +3 leather armour of poison resistance (worn)
 O - the +4 scale mail of Grace {+Inv rPois rC- Will++}
   (You found it in an ice cave)

   rC:        It makes you vulnerable to cold.
   rPois:     It protects you from poison.
   +Inv:      It lets you turn invisible.
   Will:      It greatly increases your willpower.
Jewellery
 g - an amulet of regeneration
 h - a ring of see invisible
 j - a +5 ring of evasion
 q - a ring of positive energy
 y - a +4 ring of protection (right hand)
 z - the ring "Esacesh" (left hand) {rF- rC+ rCorr Dex+3}
   (You bought it in a shop on level 1 of the Dungeon)

   [ring of resist corrosion]

   Dex:       It affects your dexterity (+3).
   rF:        It makes you vulnerable to fire.
   rC:        It protects you from cold.
   rCorr:     It protects you from acid and corrosion.
 A - an amulet of faith (around neck)
 M - a +6 ring of intelligence
Wands
 c - a wand of digging (11)
 i - a wand of polymorph (3)
 w - a wand of roots (24)
 F - a wand of paralysis (10)
 N - a wand of flame (6)
 P - a wand of mindburst (9)
Scrolls
 b - 4 scrolls of immolation
 e - a scroll of noise
 k - 10 scrolls of fog
 n - 4 scrolls of fear
 p - 4 scrolls of teleportation
 s - 3 scrolls of poison
 u - 2 scrolls of magic mapping
 C - 2 scrolls of blinking
 D - 10 scrolls of identify
 K - a scroll of amnesia
Potions
 d - 4 potions of lignification
 f - a potion of cancellation
 l - 5 potions of curing
 m - 3 potions of berserk rage
 r - 6 potions of degeneration
 t - a potion of attraction
 v - 2 potions of flight
 x - 2 potions of haste
 H - 2 potions of mutation
 J - a potion of brilliance
 L - a potion of invisibility
Miscellaneous
 I - a lightning rod (4/4)


   Skills:
 + Level 10.8 Fighting
 + Level 10.5 Ranged Weapons
 + Level 10.0 Dodging
 + Level 10.6 Stealth
 + Level 13.6 Invocations


You had 12 spell levels left.
You didn't know any spells.
Your spell library contained the following spells:

 Spells                   Type           Power      Damage    Failure   Level
 Apportation              Tloc           0%         N/A       26%         1
 Beastly Appendage        Tmut           0%         N/A       26%         1
 Kiss of Death            Conj/Necr      0%         2d5       26%         1
 Summon Small Mammal      Summ           0%         N/A       26%         1
 Ensorcelled Hibernation  Hex/Ice        0%         N/A       36%         2
 Lesser Beckoning         Tloc           0%         N/A       36%         2
 Passwall                 Tmut/Erth      0%         N/A       36%         2
 Wereblood                Tmut           0%         N/A       36%         2
 Call Canine Familiar     Summ           0%         N/A       61%         3
 Confusing Touch          Hex            0%         N/A       61%         3
 Gell's Gravitas          Tloc           0%         N/A       61%         3
 Hailstorm                Conj/Ice       0%         3d3       61%         3
 Ignite Poison            Fire/Tmut/Pois 0%         N/A       61%         3
 Inner Flame              Hex/Fire       0%         N/A       61%         3
 Spider Form              Tmut/Pois      0%         N/A       61%         3
 Summon Guardian Golem    Hex/Summ       0%         N/A       61%         3
 Swiftness                Air            0%         N/A       61%         3
 Teleport Other           Tloc           0%         N/A       61%         3
 Vhi's Electric Charge    Tloc/Air       0%         N/A       61%         3
 Dispel Undead            Necr           0%         3d6       95%         4
 Flame Wave               Conj/Fire      0%         2d4       95%         4
 Ice Form                 Ice/Tmut       0%         N/A       95%         4
 Sticky Flame             Conj/Fire      0%         2d3       95%         4
 Alistair's Intoxication  Tmut/Pois      0%         N/A       100%        5
 Arcjolt                  Conj/Air       0%         1d10      100%        5
 Simulacrum               Ice/Necr       0%         N/A       100%        6
 Ignition                 Fire           0%         3d3       100%        8
 Maxwell's Capacitive Co  Air            0%         ∞         100%        8


Dungeon Overview and Level Annotations

Branches:
Dungeon (13/15)            Temple (0/1) D:6            Lair (0/5) D:11
    Orc (0/2) D:10          Sewer (visited)           IceCv (visited)
 Vaults: D:13-14

Altars:
Ashenzari
Cheibriados
Dithmenos
Gozag
Kikubaaqudgha
Nemelex Xobeh
Qazlal
Ru
Sif Muna
Uskayaw
Vehumet
Wu Jian
Yredelemnul

Shops:
D:1 ?**:   D:10 *   D:12 *

Annotations:
D:10 exclusion: obsidian statue
D:13 3 runed translucent doors


Innate Abilities, Weirdness & Mutations

You are mostly covered in yellow scales. (AC +3)
A demonic guardian rushes to your aid.
Your demonic aura often causes spilled blood to erupt in flames.
Your touch may inflict irresistible damage on your foes.


Message History

You shoot an arrow.
The arrow hits the boulder beetle but does no damage.
The boulder beetle is lightly wounded.
You hear a shout!
You block the efreet's attack.
The boulder beetle completely misses you.
You hear some strange, mumbled words.
Send 'em back where they came from!
Your rust devil shudders.
Your rust devil hits the boulder beetle.
Your rust devil corrodes the boulder beetle!
The efreet closely misses you.
Fire: a) +6 shortbow
Press: ? - help, Q - select action, (/) - cycle Shift-Dir - straight line, f/p - boulder beetle
Aim: a boulder beetle (lightly wounded, not watching you, covered in acid, ally target, 93% to hit)
You shoot an arrow. The arrow hits the boulder beetle!
The boulder beetle is moderately wounded.
You block the boulder beetle's attack.
Your rust devil hits the boulder beetle.
The boulder beetle seems to be corroded for longer.
The efreet hits you with a +3 scimitar of flaming!
* * * LOW HITPOINT WARNING * * *
The efreet burns you.
* * * LOW HITPOINT WARNING * * *
Fire: a) +6 shortbow
Press: ? - help, Q - select action, (/) - cycle Shift-Dir - straight line, f/p - boulder beetle
Aim: a boulder beetle (moderately wounded, covered in acid, ally target, 93% to hit)
You shoot an arrow. The arrow hits the boulder beetle.
The boulder beetle is moderately wounded.
The boulder beetle leaps!
You swap places.
The efreet closely misses your rust devil.
The boulder beetle leaps!
The efreet hits your rust devil with a +3 scimitar of flaming!!
Your rust devil barely misses the efreet.
The efreet gestures at you. The bolt of fire hits your rust devil.
Your rust devil completely resists.
The bolt of fire hits you!!
You die...

#....#B.##.....#.#
#....##..#....)..####
#######....#..........
#.#.....########
#.##.{☼.........
#.##T#☼.........
#.##R###........ #.##4#
#........
#.##@###.#######
#....☼.#..##
.#######).○.##H.#
.......<....###.#######
..######....#....Bg...#
#....#...#g○...#
#....#..y#.##..###
#..........°##...#
#....#.......○)gR#


You could see a troll (summoned), an efreet (summoned, ally target) and a
friendly rust devil (summoned).

Vanquished Creatures
  A frost giant (IceCv)
  2 boulder beetles
  A centaur warrior (D:13)
  6 death yaks (IceCv)
  4 two-headed ogres
  2 tengu warriors (D:13)
  A deep elf pyromancer (D:8)
  4 cyclopes
  3 manticores
  An elephant (D:11)
  An ice statue (IceCv)
  Joseph (D:7)
  3 gargoyles
  2 rime drakes (D:12)
  An efreet (D:13)
  2 tengu conjurers
  4 trolls
  9 polar bears
  2 slime creatures (D:13)
  A shadow (D:10)
  A wyvern (D:8)
  A vampire (D:13)
  41 yaks
  3 wraiths
  A basilisk (D:11)
  3 unseen horror simulacra (D:10)
  A steam dragon (D:8)
  A vampire mosquito (D:8)
  2 acid dragons
  4 orc warriors
  A black bear (D:11)
  6 ice beasts (D:10)
  3 centaurs
  2 ogres
  18 wolves
  3 boggarts (D:13)
  6 kobold brigands
  4 bullfrogs
  A necrophage (D:6)
  A gnoll sergeant (D:9)
  A scorpion (D:5)
  3 wights (D:6)
  21 killer bees
  An electric eel (D:10)
  A howler monkey (D:11)
  3 bullfrog zombies (D:6)
  4 hounds
  A jelly (D:6)
  2 gnoll boudas
  2 orc priests
  A sleepcap (D:6)
  10 orc wizards
  2 centaur simulacra (D:10)
  3 mummies (D:6)
  Robin (D:3)
  11 gnolls
  8 adders
  3 river rats (Sewer)
  A shadow imp (D:6)
  8 white imps
  2 ufetubi
  3 worms (Sewer)
  3 dart slugs
  18 orcs
  11 ball pythons
  10 endoplasms
  6 giant cockroaches
  19 goblins
  6 hobgoblins
  3 jackals (D:2)
  16 kobolds
  6 quokkas
  6 bats
  5 frilled lizards
  14 rats
369 creatures vanquished.

Vanquished Creatures (collateral kills)
  Erolcha (D:11)
  A tengu warrior (D:13)
  A kobold demonologist (D:13)
  3 polar bears (IceCv)
  2 slime creatures (D:13)
  A shadow (D:9)
  3 yaks
  2 vampire mosquitoes (D:13)
  A wolf (D:10)
  A kobold brigand (Sewer)
  A necrophage (D:6)
  A human zombie (D:6)
  2 orcs (D:9)
  2 goblins (D:3)
22 creatures vanquished.

Vanquished Creatures (others)
  A polar bear (IceCv)
  A yak (IceCv)
2 creatures vanquished.

Grand Total: 393 creatures vanquished

Notes
Turn   | Place    | Note
-------+----------+-------------------------------------------
     0 | D:1      | Graphine the Demonspawn Hunter began the quest for the Orb.
     0 | D:1      | Reached XP level 1. HP: 16/16 MP: 1/1
    36 | D:1      | Found Tungao's Assorted Antiques.
   100 | D:1      | Reached skill level 1 in Stealth
   145 | D:1      | Found Qunkonan's Assorted Antiques.
   249 | D:1      | Gained mutation: Your demonic aura sometimes causes spilled
                  | blood to erupt in flames. [demonic ancestry]
   249 | D:1      | Reached XP level 2. HP: 22/22 MP: 2/2
   304 | D:1      | Found Raguj's Book Shoppe.
   353 | D:1      | Reached skill level 1 in Invocations
   526 | D:1      | Found Egagu's Magic Scroll Boutique.
   713 | D:1      | Reached XP level 3. HP: 28/28 MP: 4/4
   932 | D:2      | Found a radiant altar of Vehumet.
  1478 | D:2      | Reached skill level 2 in Invocations
  1634 | D:2      | Gained mutation: A weak demonic guardian rushes to your
                  | aid. [demonic ancestry]
  1634 | D:2      | Reached XP level 4. HP: 30/34 MP: 5/5
  1839 | D:3      | Found a faded altar of an unknown god.
  2022 | D:3      | Found an opulent altar of Gozag.
  2149 | D:3      | Found a stormy altar of Qazlal.
  2156 | D:3      | Became a worshipper of Qazlal Stormbringer
  2278 | D:3      | Noticed Robin
  2292 | D:3      | Killed Robin
  2877 | D:4      | Found a sparkling altar of Nemelex Xobeh.
  2999 | D:4      | Reached XP level 5. HP: 40/40 MP: 6/6
  3214 | D:1      | Bought a faintly glowing bone ring for 120 gold pieces
  3214 | D:1      | Identified the ring "Esacesh" {rF- rC+ rCorr Dex+3} (You
                  | bought it in a shop on level 1 of the Dungeon)
  3579 | D:4      | Reached * piety under Qazlal
  3811 | D:5      | Entered Level 5 of the Dungeon
  3902 | D:5      | Reached skill level 3 in Invocations
  4052 | D:5      | Found a glowing drain.
  4063 | Sewer    | Entered a sewer
  4109 | Sewer    | Gained mutation: You are partially covered in yellow
                  | scales. (AC +2) [demonic ancestry]
  4109 | Sewer    | Reached XP level 6. HP: 47/47 MP: 8/8
  4374 | Sewer    | Reached skill level 4 in Invocations
  4374 | Sewer    | Gained mutation: A demonic guardian rushes to your aid.
                  | [demonic ancestry]
  4374 | Sewer    | Reached XP level 7. HP: 30/53 MP: 8/10
  4732 | Sewer    | Reached ** piety under Qazlal
  4937 | D:5      | Reached skill level 5 in Ranged Weapons
  4942 | D:5      | Found a shimmering blue altar of Sif Muna.
  5266 | D:6      | Reached skill level 5 in Invocations
  5318 | D:6      | Found a staircase to the Ecumenical Temple.
  5371 | D:6      | Found a shadowy altar of Dithmenos.
  5467 | D:6      | Identified the +2 helmet "Osimups" {rElec Str-2 Int+8
                  | Dex+3}
  5583 | D:6      | Gained mutation: Your touch may inflict minor irresistible
                  | damage on your foes. [demonic ancestry]
  5583 | D:6      | Reached XP level 8. HP: 61/61 MP: 10/12
  5669 | D:6      | Found an ancient bone altar of Kikubaaqudgha.
  5854 | D:6      | Reached skill level 5 in Fighting
  5854 | D:6      | Reached skill level 6 in Invocations
  5984 | D:7      | Found an ornate altar of the Wu Jian Council.
  6230 | D:7      | Noticed Joseph
  6244 | D:7      | Killed Joseph
  6245 | D:7      | Reached skill level 5 in Dodging
  6245 | D:7      | Reached skill level 5 in Stealth
  6245 | D:7      | Gained mutation: Your demonic aura often causes spilled
                  | blood to erupt in flames. [demonic ancestry]
  6245 | D:7      | Reached XP level 9. HP: 57/68 MP: 12/14
  6554 | D:7      | Reached skill level 7 in Invocations
  6589 | D:7      | Reached *** piety under Qazlal
  7348 | D:1      | Bought a scroll of enchant weapon for 97 gold pieces
  7348 | D:1      | Bought a scroll of enchant armour for 97 gold pieces
  7553 | D:8      | Noticed a two-headed ogre
  7559 | D:7      | Killed a two-headed ogre
  7768 | D:8      | Reached skill level 8 in Invocations
  7817 | D:8      | Reached XP level 10. HP: 77/77 MP: 16/16
  7890 | D:8      | Found a broken altar of Ashenzari.
  8018 | D:8      | Noticed a deep elf pyromancer
  8025 | D:8      | Killed a deep elf pyromancer
  8781 | D:8      | Reached skill level 9 in Invocations
  9462 | D:9      | Found a snail-covered altar of Cheibriados.
  9495 | D:9      | Reached **** piety under Qazlal
 10043 | D:9      | Found a hide-covered altar of Uskayaw.
 10412 | D:10     | Entered Level 10 of the Dungeon
 10418 | D:9      | Gained mutation: Your touch may inflict irresistible damage
                  | on your foes. [demonic ancestry]
 10418 | D:9      | Reached XP level 11. HP: 86/86 MP: 18/18
 10441 | D:10     | Noticed an obsidian statue
 10441 | D:10     | Noticed a two-headed ogre
 10452 | D:10     | Killed a two-headed ogre
 10453 | D:10     | Reached skill level 10 in Invocations
 10496 | D:10     | Reached ***** piety under Qazlal
 10824 | D:10     | Found Goucsotesyn's General Store.
 10825 | D:10     | Found a staircase to the Orcish Mines.
 11079 | D:10     | Found a basalt altar of Yredelemnul.
 11193 | D:10     | Found a radiant altar of Vehumet.
 11368 | D:10     | Noticed a sixfirhy
 11556 | D:11     | Reached skill level 11 in Invocations
 11749 | D:11     | Noticed Erolcha
 11754 | D:11     | Killed Erolcha
 11996 | D:11     | Found a staircase to the Lair.
 12040 | D:11     | Noticed a two-headed ogre
 12044 | D:11     | Killed a two-headed ogre
 12045 | D:11     | Reached XP level 12. HP: 95/95 MP: 20/20
 12099 | D:11     | Noticed a boulder beetle
 12131 | D:11     | Killed a boulder beetle
 12454 | D:12     | Noticed a boulder beetle
 12504 | D:12     | Killed a boulder beetle
 12685 | D:12     | Found a sacrificial altar of Ru.
 13059 | D:12     | Found a frozen archway.
 13070 | IceCv    | Entered an ice cave
 13076 | IceCv    | Reached skill level 12 in Invocations
 13102 | IceCv    | Noticed a death yak
 13104 | IceCv    | Noticed a death yak
 13108 | IceCv    | Noticed a death yak
 13112 | IceCv    | Killed a death yak
 13115 | IceCv    | Killed a death yak
 13121 | IceCv    | Killed a death yak
 13303 | IceCv    | Identified the +4 scale mail of Grace {+Inv rPois rC-
                  | Will++}
 13467 | IceCv    | Reached skill level 10 in Fighting
 13560 | IceCv    | Noticed a death yak
 13565 | IceCv    | Reached ****** piety under Qazlal
 13569 | IceCv    | Killed a death yak
 13583 | IceCv    | Reached skill level 10 in Stealth
 13648 | IceCv    | Noticed a frost giant
 13655 | IceCv    | Noticed a death yak
 13655 | IceCv    | Killed a frost giant
 13656 | IceCv    | Reached skill level 10 in Ranged Weapons
 13656 | IceCv    | Gained mutation: You are mostly covered in yellow scales.
                  | (AC +3) [demonic ancestry]
 13656 | IceCv    | Reached XP level 13. HP: 47/103 MP: 22/22
 13660 | IceCv    | Reached skill level 13 in Invocations
 14287 | D:12     | Found Logu's Elemental Accessories.
 14301 | D:12     | Identified the +4 spear "Killer Bee's Regret" {pain, Fly}
 14621 | D:13     | Found a runed translucent gate.
 14621 | D:13     | Found a runed translucent gate.
 14623 | D:13     | Found a runed translucent gate.
 14687 | D:13     | Reached skill level 10 in Dodging
 14735 | D:13     | Killed from afar by an efreet

Illustrated notes

Levels and vault maps discovered:
D:1:      nzn_arrival_crosshair, layout_loops_ring, serial_shops,
          nicolae_book_shop_shelving, shop, nicolae_shop_tiny_waterfront, shop
D:2:      minmay_alternating_diamond, layout_basic, basic_altar
D:3:      layout_basic, amcnicky_altar_gilded, gammafunk_temple_overflow_statue,
          ebering_ecumenical_altar_abandoned, uniq_robin
D:4:      layout_loops_ring, mainiacjoe_overflow_24_doors
D:5:      layout_cave_pools, tgw_sif, nicolae_elyvilon_temple_path,
          serial_glass, glass_columns_c, glass_columns_c, glass_columns_a,
          item_on_display_a, gup_sewer_entry_pipe, serial_bayou_ford_a
D:6:      layout_cave_pools, mainiacjoe_overflow_catwalk,
          lemuel_mausoleum_altar_kikubaaqudgha, minmay_temple_entry_glass,
          minmay_door_square
D:7:      layout_layer_cave, mainiacjoe_overflow_alcove_1, uniq_joseph
D:8:      layout_layer_cave, nicolae_ashenzari_panopticon, wad_mini_maze
D:9:      layout_basic, mainiacjoe_overflow_cross_hatched,
          gammafunk_temple_overflow_pools
D:10:     layout_cave_pools, mainiacjoe_overflow_large_starburst, david_orc_2,
          serial_ice, serial_ice_d, serial_ice_i, serial_ice_a, serial_ice_g,
          serial_ice_f, serial_ice_n, serial_ice_h, serial_ice_m, serial_ice_e,
          serial_ice_o, serial_shops, shop, minivault_16
D:11:     layout_loops_ring, david_lair_generic, uniq_erolcha
D:12:     layout_loops_cross, portal_ice_cave_rime, nicolae_elemental_shop,
          nicolae_ru_great_annihilating_truth
D:13:     layout_basic, grunt_vaults_entry_fortified,
          ploomutoo_gammafunk_ghost_potion_laboratory

Skill      XL: |  1  2  3  4  5  6  7  8  9 10 11 12 13 |
---------------+----------------------------------------+-----
Stealth        | 1 2 3 4 5 6 7 8 10 | 10.6
Dodging        | 2 3 4 5 6 7 8 9 10 | 10.0
Invocations    | 1 2 3 4 5 6 8 9 11 12 13 | 13.6
Ranged Weapons | 4 5 6 7 9 10 | 10.5
Fighting       | 3 4 5 6 7 9 10 | 10.8

Action                     |  1- 3 |  4- 6 |  7- 9 | 10-12 | 13-15 || total
---------------------------+-------+-------+-------+-------+-------++-------
   Fire: Shortbow          |   113 |   189 |   225 |   737 |   173 ||  1437
 Invoke: Elemental Force   |       |       |       |       |     1 ||     1
    Use: Scroll            |     2 |    11 |     8 |     8 |     1 ||    30
         Potion            |       |     3 |     4 |     5 |       ||    12
 Armour: Leather armour    |    13 |    20 |    46 |   143 |    56 ||   278
         Skin              |       |     8 |       |       |       ||     8
  Dodge: Dodged            |    48 |    42 |   111 |   362 |   141 ||   704
         Repelled          |       |       |       |     6 |     9 ||    15
  Block: Other             |       |     4 |    19 |   117 |    61 ||   201
